[Event "Titled Tuesday Blitz April 25 Late 2023"]
[White "Dzida, Kamil"]
[Black "Narva, Triin"]
[WhiteFideId "21828652"]
[BlackFideId "4502680"]
[WhiteElo "2139"]
[BlackElo "1944"]
[Result "1-0"]
[Round "03"]
[TimeControl "180+2"]
[Date "2023.04.25"]
[WhiteClock "0:00:09"]
[BlackClock "0:00:01"]

1. f3 d5 2. Kf2 c5 3. e3 Nc6 4. Ne2 e5 5. d4 cxd4 6. exd4 e4 7. Nd2 Nf6 8. c3 Bd6 9. fxe4 Ng4+ 10. Kg1 Ne3 11. Qb3 Na5 12. Qb5+ Bd7 13. Qd3 Nxf1 14. Nxf1 dxe4 15. Qxe4+ Be7 16. Bg5 f6 17. Bf4 O-O 18. Bd6 Bxd6 19. Qd5+ Be6 20. Qxe6+ Kh8 21. Neg3 Re8 22. Qg4 Qb6 23. Nf5 Bf8 24. Rb1 Nc4 25. h4 Na3 26. Rd1 Qxb2 27. h5 Qxc3 28. Rh3 Qa5 29. d5 Qb6+ 30. Kh1 Nc4 31. Qxc4 Rac8 32. Qg4 Rc2 33. d6 Rxa2 34. d7 Rd8 35. Re3 Qb5 36. Re7 Rf2 37. N1e3 Re2 38. Rxg7 Bxg7 39. Qxg7# 1-0


[Site "https://www.chess.com"]

[Event "Titled Tuesday Blitz April 25 Late 2023"]
[White "Hartikainen, Jarmo"]
[Black "Bashkansky, Ethan"]
[WhiteFideId "503134"]
[BlackFideId "2071533"]
[WhiteElo "2108"]
[BlackElo "2101"]
[Result "0-1"]
[Round "03"]
[TimeControl "180+2"]
[Date "2023.04.25"]
[WhiteClock "0:00:11"]
[BlackClock "0:01:23"]

1. e4 c6 2. d4 d5 3. Nc3 dxe4 4. Nxe4 Bf5 5. Ng3 Bg6 6. h4 h6 7. Bc4 Nd7 8. N1e2 e5 9. c3 Ngf6 10. Qb3 b5 11. Bxb5 cxb5 12. Qxb5 Qb6 13. Qxb6 axb6 14. h5 Bd3 15. Be3 Bxe2 16. Nxe2 e4 17. Ng3 Ng4 18. Nxe4 Nxe3 19. fxe3 Be7 20. a4 Nf6 21. Nxf6+ Bxf6 22. b4 b5 23. a5 Kd7 24. c4 bxc4 25. b5 Rhb8 26. b6 Rxb6 27. O-O Rba6 28. Rfc1 Rxa5 29. Rxa5 Rxa5 30. Rxc4 Rxh5 31. e4 Rh4 0-1


[Site "https://www.chess.com"]

[Event "Titled Tuesday Blitz April 25 Late 2023"]
[White "yoriiiis"]
[Black "Skaric, Djuro"]
[BlackFideId "934569"]
[WhiteElo "2127"]
[BlackElo "2282"]
[Result "1/2-1/2"]
[Round "03"]
[TimeControl "180+2"]
[Date "2023.04.25"]
[WhiteClock "0:00:13"]
[BlackClock "0:00:13"]

1. e4 d6 2. d4 g6 3. c3 Bg7 4. Nf3 Nf6 5. Bd3 O-O 6. O-O Nc6 7. h3 e5 8. Be3 h6 9. Nbd2 Nd7 10. a3 f5 11. Qb3+ Kh7 12. exf5 gxf5 13. Nh2 e4 14. Bc2 Nb6 15. d5 Ne7 16. Bxb6 axb6 17. f3 e3 18. Nc4 Nxd5 19. Rae1 Re8 20. Ng4 Qg5 21. Nxd6 cxd6 22. Qxd5 Kh8 23. f4 Qg6 24. Nxe3 Rf8 25. Kh2 h5 26. Nc4 Rf6 27. Nxb6 Rb8 28. Nxc8 Rxc8 29. Qxb7 Rg8 30. Re7 Bh6 31. Rf2 h4 32. Qd5 Rgf8 33. Qf3 Rg8 34. a4 Qg3+ 35. Kh1 Qxf3 36. Rxf3 Rb8 37. b4 Bg7 38. a5 d5 39. Bd3 Rc6 40. a6 Rxc3 41. a7 Rf8 42. Rb7 Rc1+ 43. Kh2 Bd4 44. g3 Ra1 45. Rb8 Kg7 46. Rxf8 Kxf8 47. Bxf5 Rxa7 48. g4 Ra2+ 49. Kh1 Rb2 50. g5 Bg7 51. Be6 d4 52. f5 Rxb4 53. f6 Rb5 54. fxg7+ Kxg7 55. Rf7+ Kg6 56. Rd7 Rb4 57. Bg4 Kxg5 58. Rg7+ Kf4 59. Kg2 Rb2+ 60. Kf1 d3 61. Rd7 Ke3 62. Ke1 Rg2 63. Kf1 Rc2 64. Re7+ Kf4 65. Rf7+ Ke3 66. Re7+ Kd4 67. Rd7+ Ke3 68. Re7+ 1/2-1/2


[Site "https://www.chess.com"]

[Event "Titled Tuesday Blitz April 25 Late 2023"]
[White "Govender, Kaedan"]
[Black "Hoffmann, Asa"]
[WhiteFideId "14322072"]
[BlackFideId "2001470"]
[WhiteElo "1288"]
[BlackElo "2117"]
[Result "0-1"]
[Round "03"]
[TimeControl "180+2"]
[Date "2023.04.25"]
[WhiteClock "0:01:01"]
[BlackClock "0:01:39"]

1. d4 Nf6 2. c4 c5 3. d5 e5 4. dxe6 fxe6 5. Nf3 d5 6. cxd5 exd5 7. Bg5 Be7 8. e3 Nc6 9. Be2 Be6 10. O-O O-O 11. Nc3 h6 12. Bh4 a6 13. a3 d4 14. exd4 cxd4 15. Nb1 Rc8 16. Bd3 Qb6 17. b4 Rfd8 18. Re1 Bd5 19. Nbd2 Re8 20. Ne5 Nxe5 21. Rxe5 Bf7 22. Nf3 Qc7 23. Qe2 Bd6 24. Rxe8+ Rxe8 25. Qb2 Qc3 26. Qxc3 dxc3 27. Rc1 Rc8 28. Bc2 Nd5 29. Nd4 a5 30. Nf5 Bf8 31. bxa5 Bxa3 32. Ne3 Bxc1 0-1


[Site "https://www.chess.com"]

[Event "Titled Tuesday Blitz April 25 Late 2023"]
[White "Van Foreest, Machteld"]
[Black "Aqib Javaid Butt"]
[WhiteFideId "1051563"]
[BlackFideId "7801262"]
[WhiteElo "2018"]
[BlackElo "1659"]
[Result "1-0"]
[Round "03"]
[TimeControl "180+2"]
[Date "2023.04.25"]
[WhiteClock "0:00:10"]
[BlackClock "0:01:03"]

1. e4 c6 2. d4 d5 3. e5 Bf5 4. h4 h5 5. Bd3 Bxd3 6. Qxd3 e6 7. Bg5 Be7 8. Nf3 Nh6 9. c4 Nf5 10. Nc3 Nd7 11. cxd5 cxd5 12. Nxd5 Nxe5 13. Qb5+ Kf8 14. dxe5 Qxd5 15. Qxd5 exd5 16. O-O-O Bxg5+ 17. hxg5 Rd8 18. Nd4 Nxd4 19. Rxd4 Ke7 20. Kd2 Ke6 21. f4 Kf5 22. Ke3 h4 23. Rc1 h3 24. gxh3 Rxh3+ 25. Kf2 Rdh8 26. Rxd5 Ke4 27. Rcd1 Rh2+ 28. Kg1 Rh1+ 29. Kg2 R8h2+ 30. Kg3 Rh3+ 31. Kg4 Rh4+ 32. Kg3 R1h3+ 33. Kg2 Kxf4 34. R1d4+ Kxg5 35. e6+ Kf6 36. exf7 Kxf7 37. Rxh4 Rxh4 38. Rd7+ Kf6 39. Rxb7 Ra4 40. a3 g5 41. Kf3 a5 42. Rb6+ Kf5 43. Rb5+ Kg6 44. Kg3 Kh5 45. Kh3 Rh4+ 46. Kg3 a4 47. Rb4 Rxb4 48. axb4 Kg6 49. b5 Kf6 50. b6 Ke7 51. b7 1-0


[Site "https://www.chess.com"]

[Event "Titled Tuesday Blitz April 25 Late 2023"]
[White "Lutz, Igor Oscar"]
[Black "Luukkonen, Tommi"]
[WhiteFideId "2110806"]
[BlackFideId "501808"]
[WhiteElo "1969"]
[BlackElo "2296"]
[Result "0-1"]
[Round "03"]
[TimeControl "180+2"]
[Date "2023.04.25"]
[WhiteClock "0:00:47"]
[BlackClock "0:00:23"]

1. d4 Nf6 2. c4 c5 3. d5 g6 4. Nc3 Bg7 5. e4 d6 6. Nf3 O-O 7. Be2 e6 8. h3 exd5 9. exd5 Re8 10. O-O Na6 11. Bg5 h6 12. Bh4 g5 13. Bg3 Ne4 14. Nxe4 Rxe4 15. Bd3 Re8 16. a3 Bxb2 17. Ra2 Bg7 18. Qc2 Nc7 19. Bh7+ Kh8 20. Qd3 a6 21. Re1 Rxe1+ 22. Nxe1 b5 23. cxb5 axb5 24. Re2 c4 25. Qc2 Nxd5 26. Bxd6 Qxd6 27. Re8+ Bf8 28. Qb2+ c3 29. Qxb5 Bd7 30. Rxf8+ Rxf8 31. Qd3 Qe5 32. Nf3 Qe6 33. Be4 Nf6 34. Qxc3 Rc8 35. Qb2 Kg8 36. Bc2 Bc6 37. Bb3 Qd6 38. Qb1 Kg7 39. h4 Bxf3 40. gxf3 Qf4 41. hxg5 Rc1+ 0-1


[Site "https://www.chess.com"]

[Event "Titled Tuesday Blitz April 25 Late 2023"]
[White "Ansh M Shah"]
[Black "Dargan, Paul A G"]
[WhiteFideId "25033379"]
[BlackFideId "416762"]
[WhiteElo "2084"]
[BlackElo "2042"]
[Result "1-0"]
[Round "03"]
[TimeControl "180+2"]
[Date "2023.04.25"]
[WhiteClock "0:00:02"]
[BlackClock "0:00:01"]

1. d4 Nf6 2. c4 e6 3. g3 d5 4. Bg2 Be7 5. Nf3 O-O 6. O-O dxc4 7. Qc2 a6 8. a4 Bd7 9. Bg5 Bc6 10. Qxc4 Bd5 11. Qc2 Be4 12. Qc1 Nc6 13. e3 Nb4 14. Na3 Nd3 15. Qc3 Nd5 16. Bxe7 Qxe7 17. Qb3 Qb4 18. Qxb4 N5xb4 19. b3 c6 20. Nd2 Bxg2 21. Kxg2 Rad8 22. Nac4 e5 23. Nf3 exd4 24. Nxd4 Nc5 25. Rac1 Ne4 26. Rfd1 Rd7 27. Nxc6 Rc7 28. Nd4 Rfc8 29. Ra1 Nc3 30. Rdc1 Ne4 31. Ne2 b5 32. axb5 axb5 33. Nb6 Rxc1 34. Nxc1 Rb8 35. Nd7 Rd8 36. Ne5 f6 37. Nf3 Nc5 38. Ra5 Nbd3 39. Nxd3 Rxd3 40. Nd4 Nxb3 41. Ra8+ Kf7 42. Ra7+ Kg6 43. Ne6 Rd2 44. Rxg7+ Kf5 45. Nc7 b4 46. Na6 Nc5 47. Nxb4 Ne4 48. g4+ Ke6 49. Kf3 Nxf2 50. Rxh7 Nd1 51. Ke4 Nf2+ 52. Kf3 Nd1 53. Nc6 Rf2+ 54. Ke4 1-0


[Site "https://www.chess.com"]

[Event "Titled Tuesday Blitz April 25 Late 2023"]
[White "Allahverdiyeva, Ayan"]
[Black "Fuentes Godoy, Lilia Ivonne"]
[WhiteFideId "13412590"]
[BlackFideId "5104130"]
[WhiteElo "1980"]
[BlackElo "2096"]
[Result "0-1"]
[Round "03"]
[TimeControl "180+2"]
[Date "2023.04.25"]
[WhiteClock "0:00:24"]
[BlackClock "0:01:07"]

1. e4 c6 2. d4 d5 3. e5 Bf5 4. h4 h5 5. Bd3 Bxd3 6. Qxd3 e6 7. Nf3 Qa5+ 8. Nbd2 Qa6 9. c4 Ne7 10. b3 Nd7 11. a4 Nf5 12. O-O Be7 13. Ba3 Bxa3 14. Rxa3 Qb6 15. c5 Qd8 16. b4 Nxh4 17. Nxh4 Qxh4 18. b5 Qg5 19. bxc6 bxc6 20. Nf3 Qg4 21. Qa6 h4 22. Qxc6 Rb8 23. Qa6 h3 24. Ne1 hxg2 25. Nxg2 Qh5 26. Rd1 Qh1# 0-1


[Site "https://www.chess.com"]

[Event "Titled Tuesday Blitz April 25 Late 2023"]
[White "Vargas, Mauricio"]
[Black "Freile Martin, Javier"]
[WhiteFideId "4404572"]
[BlackFideId "3600165"]
[WhiteElo "1998"]
[BlackElo "2320"]
[Result "0-1"]
[Round "03"]
[TimeControl "180+2"]
[Date "2023.04.25"]
[WhiteClock "0:00:01"]
[BlackClock "0:02:26"]

1. e4 c5 2. Nf3 d6 3. d4 cxd4 4. Nxd4 Nf6 5. Nc3 Nc6 6. Be3 Ng4 7. Nxc6 bxc6 8. Bf4 Qb6 9. Qd2 Qxb2 10. Rb1 Qa3 11. f3 Nf6 12. Bc4 e5 13. Bg5 Be7 14. O-O Qc5+ 15. Be3 Qxc4 16. Rb3 Qa6 17. Rfb1 O-O 18. Kh1 Be6 19. Rb7 Rfe8 20. Rc7 d5 21. exd5 cxd5 22. Bf2 d4 23. Ne4 Nxe4 24. fxe4 Bd6 25. Rcb7 Qxa2 26. R7b2 Qc4 27. Qg5 f6 28. Qh4 Rab8 0-1


[Site "https://www.chess.com"]

[Event "Titled Tuesday Blitz April 25 Late 2023"]
[White "Jarocka, Liwia"]
[Black "Semenova, Alina"]
[WhiteFideId "21807558"]
[BlackFideId "24113875"]
[WhiteElo "2013"]
[BlackElo "1833"]
[Result "1-0"]
[Round "03"]
[TimeControl "180+2"]
[Date "2023.04.25"]
[WhiteClock "0:00:20"]
[BlackClock "0:00:02"]

1. e4 e5 2. Nf3 Nf6 3. d3 d5 4. exd5 Nxd5 5. Nxe5 Qe7 6. Qe2 Nb4 7. Na3 Be6 8. Nec4 N8c6 9. Be3 O-O-O 10. Nb5 a6 11. Nc3 Bxc4 12. dxc4 g6 13. a3 Bg7 14. axb4 Qxb4 15. f3 Qxb2 16. Rb1 Qxc3+ 17. Kf2 Nd4 18. Qd3 Qxd3 19. Bxd3 Ne6 20. c5 Rde8 21. Be4 c6 22. Rb3 Rd8 23. Rhb1 Rd7 24. Bxc6 bxc6 25. Rb8+ Kc7 26. R1b7# 1-0


[Site "https://www.chess.com"]

[Event "Titled Tuesday Blitz April 25 Late 2023"]
[White "Nakamura, Hikaru"]
[Black "Svane, Frederik"]
[WhiteFideId "2016192"]
[BlackFideId "12923044"]
[WhiteElo "2885"]
[BlackElo "2502"]
[Result "1-0"]
[Round "04"]
[TimeControl "180+2"]
[Date "2023.04.25"]
[WhiteClock "0:00:17"]
[BlackClock "0:00:10"]

1. Nf3 d5 2. e3 Nf6 3. c4 e6 4. b3 Bd6 5. Bb2 O-O 6. Nc3 c5 7. cxd5 exd5 8. d4 cxd4 9. Nxd4 Nc6 10. Nf3 Bg4 11. Be2 Re8 12. O-O a6 13. h3 Bh5 14. Nh4 Bxe2 15. Nxe2 Ne4 16. Nf3 Bc7 17. Rc1 Qd6 18. g3 Rad8 19. Kg2 h5 20. h4 Qg6 21. Nfd4 Bb8 22. Nf4 Bxf4 23. exf4 Rd7 24. f5 Qh6 25. Nxc6 bxc6 26. f6 c5 27. fxg7 d4 28. Qd3 Qc6 29. Kg1 Qd5 30. Rcd1 Rd6 31. Rfe1 Rde6 32. Rf1 a5 33. Kh2 Rf6 34. Kg1 Rg6 35. Bc1 Re5 36. Rde1 Ree6 37. Bf4 Rg4 38. Kh2 Rxf4 39. gxf4 Qf5 40. Qf3 Nd2 41. Qa8+ Kxg7 42. Rg1+ Rg6 43. Rxg6+ Kxg6 44. Qg8+ Kf6 45. Qh8+ Kg6 46. Rg1+ 1-0


[Site "https://www.chess.com"]

[Event "Titled Tuesday Blitz April 25 Late 2023"]
[White "Terry, Renato"]
[Black "Nihal Sarin"]
[WhiteFideId "3803457"]
[BlackFideId "25092340"]
[WhiteElo "2575"]
[BlackElo "2689"]
[Result "1/2-1/2"]
[Round "04"]
[TimeControl "180+2"]
[Date "2023.04.25"]
[WhiteClock "0:00:21"]
[BlackClock "0:00:03"]

1. d4 Nf6 2. Nf3 d5 3. c4 dxc4 4. e3 Bg4 5. Bxc4 e6 6. Nbd2 a6 7. O-O Nc6 8. b3 Bd6 9. h3 Bh5 10. Bb2 O-O 11. Re1 Qe7 12. e4 Ba3 13. Qc1 Bxb2 14. Qxb2 Rfd8 15. d5 Na5 16. dxe6 fxe6 17. Bf1 Nc6 18. g4 Bg6 19. Bg2 Nd7 20. Nc4 Nc5 21. Nfe5 Be8 22. Rad1 Rxd1 23. Rxd1 Rd8 24. Rxd8 Qxd8 25. Nxc6 Bxc6 26. Qe5 Qe7 27. Qd4 Nd7 28. Na5 Qd6 29. Nxc6 bxc6 30. Qxd6 cxd6 31. b4 c5 32. a3 cxb4 33. axb4 Ne5 34. Bf1 Nc6 35. Bxa6 Nxb4 36. Bc4 d5 37. exd5 exd5 38. Bb5 g5 39. Kg2 Nc2 40. Kg3 Nd4 41. Bd3 Ne6 42. Bf5 Nf4 43. h4 h6 44. Kf3 Kf8 45. hxg5 hxg5 46. Ke3 Ke7 47. Kd4 Kd6 48. f3 Ne6+ 49. Ke3 Nf4 50. Kd4 Ne6+ 51. Ke3 Nf4 52. Kd4 1/2-1/2


[Site "https://www.chess.com"]

[Event "Titled Tuesday Blitz April 25 Late 2023"]
[White "Kevlishvili, Robby"]
[Black "Vachier-Lagrave, Maxime"]
[WhiteFideId "1040634"]
[BlackFideId "623539"]
[WhiteElo "2572"]
[BlackElo "2740"]
[Result "1-0"]
[Round "04"]
[TimeControl "180+2"]
[Date "2023.04.25"]
[WhiteClock "0:00:11"]
[BlackClock "0:00:03"]

1. e4 c5 2. Nf3 Nc6 3. d4 cxd4 4. Nxd4 Nf6 5. Nc3 e5 6. Ndb5 d6 7. Bg5 a6 8. Na3 Be6 9. Nc4 Rc8 10. Ne3 Nd4 11. Bd3 Be7 12. Bxf6 Bxf6 13. Ncd5 Bg5 14. c3 Nc6 15. Be2 g6 16. Bg4 h5 17. Be2 O-O 18. h4 Bh6 19. g4 Kh8 20. g5 Bg7 21. Bxh5 Ne7 22. Bg4 Nxd5 23. Nxd5 Rc4 24. Qd3 Rc5 25. Ne3 Bxg4 26. Nxg4 d5 27. h5 Qxg5 28. hxg6+ Kg8 29. Ne3 d4 30. Nd5 fxg6 31. Qh3 Re8 32. Ke2 Rxd5 33. exd5 e4 34. Rag1 d3+ 35. Kd1 Qf6 36. Qh7+ Kf7 37. Qh4 Qf3+ 38. Kc1 Qe2 39. Qf4+ Kg8 40. Qd2 Qf3 41. Rh2 e3 42. fxe3 Rxe3 43. Rhg2 Re2 44. Rxe2 dxe2 45. Re1 Qh3 46. Qxe2 Qf5 47. Qe4 1-0


[Site "https://www.chess.com"]

[Event "Titled Tuesday Blitz April 25 Late 2023"]
[White "Hansen, Eric"]
[Black "Firouzja, Alireza"]
[WhiteFideId "2606771"]
[BlackFideId "12573981"]
[WhiteElo "2561"]
[BlackElo "2904"]
[Result "0-1"]
[Round "04"]
[TimeControl "180+2"]
[Date "2023.04.25"]
[WhiteClock "0:00:08"]
[BlackClock "0:00:41"]

1. e4 c6 2. Nf3 d5 3. d3 g6 4. Be2 Bg7 5. O-O e5 6. Re1 Ne7 7. Bf1 d4 8. c3 c5 9. b4 cxb4 10. cxb4 O-O 11. Nbd2 Na6 12. b5 Nc7 13. a4 f6 14. Ba3 Be6 15. Rc1 Rf7 16. Nc4 Nc8 17. Qd2 a6 18. b6 Ne8 19. a5 Ncd6 20. Nxd6 Nxd6 21. Rc2 Nb5 22. Bb4 Bf8 23. Rec1 Bxb4 24. Qxb4 Nc3 25. Rxc3 dxc3 26. d4 Rc8 27. d5 Bg4 28. Rxc3 Rxc3 29. Qxc3 Bxf3 30. Qxf3 Qc8 31. Qa3 Kg7 32. g3 Qc2 33. Qb4 f5 34. exf5 Qxf5 35. Qc5 Qe4 36. d6 Qd4 37. Qxd4 exd4 38. Bh3 Rf6 39. d7 Rd6 40. Kf1 d3 41. Ke1 d2+ 42. Kd1 Kf6 43. f4 Ke7 44. f5 Rd5 0-1


[Site "https://www.chess.com"]

[Event "Titled Tuesday Blitz April 25 Late 2023"]
[White "Sarana, Alexey"]
[Black "Zhigalko, Sergei"]
[WhiteFideId "24133795"]
[BlackFideId "13502956"]
[WhiteElo "2714"]
[BlackElo "2626"]
[Result "0-1"]
[Round "04"]
[TimeControl "180+2"]
[Date "2023.04.25"]
[WhiteClock "0:00:03"]
[BlackClock "0:00:03"]

1. d4 Nf6 2. c4 e6 3. Nc3 Bb4 4. e3 O-O 5. Bd3 d5 6. a3 Bxc3+ 7. bxc3 c5 8. cxd5 exd5 9. Ne2 Nc6 10. O-O Bg4 11. f3 Bh5 12. Ng3 Bg6 13. Bb2 Re8 14. Re1 Rc8 15. Rc1 Qb6 16. Re2 Na5 17. e4 Nb3 18. Rb1 cxd4 19. Ba1 dxc3+ 20. Rf2 dxe4 21. Rxb3 exd3 22. Rxb6 axb6 23. Bxc3 Rxc3 24. Nf1 Rc2 25. Rd2 h6 26. Rxd3 Bxd3 27. Qxd3 Ree2 28. g3 b5 29. g4 g5 30. h4 gxh4 31. Qf5 Nh7 32. Qd3 Ng5 33. f4 Ne6 34. f5 Ng5 35. Qd8+ Kh7 36. Qd3 h3 37. f6+ Kg8 38. Qd8+ Kh7 39. Qd3+ Ne4 40. Ng3 Rg2+ 41. Kh1 Rc1+ 42. Nf1 Rxg4 43. Kh2 h5 44. Ne3 Rf4 45. Qd7 Kg6 46. Kxh3 Ng5+ 47. Kg2 Re1 48. Qd3+ Ne4 49. Nd5 Rf2+ 50. Kh3 Rh1# 0-1


[Site "https://www.chess.com"]

[Event "Titled Tuesday Blitz April 25 Late 2023"]
[White "Duda, Jan-Krzysztof"]
[Black "Tari, Aryan"]
[WhiteFideId "1170546"]
[BlackFideId "1510045"]
[WhiteElo "2790"]
[BlackElo "2561"]
[Result "1/2-1/2"]
[Round "04"]
[TimeControl "180+2"]
[Date "2023.04.25"]
[WhiteClock "0:00:10"]
[BlackClock "0:00:03"]

1. d4 d5 2. c4 e6 3. Nf3 Nf6 4. g3 dxc4 5. Bg2 c5 6. O-O Nc6 7. Qa4 Bd7 8. Qxc4 b5 9. Qc3 b4 10. Qd3 Rc8 11. Bg5 cxd4 12. Nbd2 Be7 13. Nxd4 Nxd4 14. Qxd4 h6 15. Bxf6 Bxf6 16. Qxb4 Rb8 17. Qc5 Qb6 18. Qxb6 axb6 19. Rab1 Ke7 20. Rfd1 g5 21. Nf3 Rhc8 22. Nd4 e5 23. Nb3 Bf5 24. e4 Be6 25. Nc1 Rd8 26. Bf3 g4 27. Be2 Bg5 28. Nd3 Bxa2 29. Nxe5 Bxb1 30. Nc6+ Ke8 31. Rxb1 Rd2 32. Bxg4 Rb7 33. h4 Bf6 34. e5 Rc7 35. Bf3 Be7 36. b4 b5 37. Kg2 Rc2 38. Nd4 Rc1 39. Rb3 R7c4 40. Nxb5 Rxb4 41. Rxb4 Bxb4 42. Nd4 Kf8 43. Nf5 Bd2 44. Bd5 Rc5 45. Bf3 Rxe5 46. g4 h5 47. Ng3 hxg4 48. Bxg4 Ra5 49. Nf5 Bb4 50. f3 Bc5 51. Kf1 Ra2 52. h5 Be7 53. Ke1 Bf6 54. Kd1 Kg8 55. Kc1 Kh8 56. Kd1 Rf2 57. Ke1 Rb2 58. Nd6 Bc3+ 59. Kf1 Kg7 60. Nf5+ Kf6 61. Ng3 Ke5 62. Ne2 Bd4 63. Bd7 Rb1+ 64. Kg2 Rb2 65. Kf1 Rb7 66. Bc6 Rb1+ 67. Kg2 Rb2 68. Kf1 Bc5 69. Be4 f5 70. Bc6 f4 71. Be4 Rb6 72. Bg6 Be3 73. Be4 Rb2 74. h6 Kf6 75. h7 Kg7 76. Ke1 Ra2 77. Kf1 Ra1+ 78. Kg2 Ra2 79. Kf1 Rb2 80. Nc3 Rf2+ 81. Ke1 Rh2 82. Nd5 Bd2+ 83. Kd1 Be3 84. Nc7 Rd2+ 85. Ke1 Rh2 86. Ne6+ Kf6 87. Nf8 Kg7 88. Ne6+ Kf7 89. Nc7 Kf6 90. Nd5+ Ke5 91. Ne7 Kd4 92. Nd5 Bd2+ 93. Kf1 Be3 94. Ke1 Ke5 95. Kf1 Rf2+ 96. Ke1 Rh2 1/2-1/2


[Site "https://www.chess.com"]

[Event "Titled Tuesday Blitz April 25 Late 2023"]
[White "Demchenko, Anton"]
[Black "Bluebaum, Matthias"]
[WhiteFideId "4160258"]
[BlackFideId "24651516"]
[WhiteElo "2545"]
[BlackElo "2638"]
[Result "1-0"]
[Round "04"]
[TimeControl "180+2"]
[Date "2023.04.25"]
[WhiteClock "0:00:21"]
[BlackClock "0:00:42"]

1. e4 e6 2. d4 d5 3. Nc3 Nf6 4. e5 Nfd7 5. Nce2 c5 6. c3 Nc6 7. Nf3 Be7 8. a3 O-O 9. Nf4 Qa5 10. b4 cxb4 11. Bd3 bxc3 12. O-O Nb6 13. Qc2 h6 14. Qe2 Qa4 15. Be3 Bd7 16. Bc2 Qa6 17. Bd3 Nc4 18. Rfc1 b5 19. Bb1 Nxe3 20. fxe3 f5 21. exf6 Bxf6 22. Qd3 Ne7 23. Qh7+ Kf7 24. Ne5+ Bxe5 25. dxe5 Qb6 26. Rxc3 Rac8 27. Bg6+ Nxg6 28. Qxg6+ Ke7 29. Qxg7+ Rf7 30. Ng6+ Kd8 31. Qg8+ Be8 32. Rxc8+ Kxc8 33. Qxe8+ Kb7 34. Qxf7+ Ka6 35. Qf4 Qc5 36. Qd4 Qc2 37. Nf4 h5 38. h4 Qb3 39. Kh2 Qc2 40. a4 b4 41. Qxb4 Qc4 42. Qxc4+ dxc4 43. Rc1 Kb6 44. Rxc4 a6 45. Nxe6 Ka5 46. Nf4 Kb6 47. Nxh5 Ka5 48. Nf4 Kb6 49. Kg3 Ka5 50. Kf3 Kb6 51. Ke4 Ka5 52. Kd3 Kb6 53. Kc3 Ka5 54. g3 Kb6 55. g4 Ka5 56. g5 Kb6 57. Kb4 a5+ 58. Kc3 Ka6 59. Rc5 Kb7 60. Kd4 Kb6 61. Kd5 Kb7 62. Kd6 Kb6 63. Rb5+ Ka6 64. g6 Ka7 65. h5 Ka6 66. h6 Ka7 67. g7 Ka6 68. h7 Ka7 69. e6 Ka6 70. e7 Ka7 71. e4 Ka6 72. e5 Ka7 73. e6 Ka6 74. Kd7 Ka7 75. h8=Q Ka6 76. g8=Q Ka7 77. e8=Q Ka6 78. e7 Ka7 79. Qef7 Ka6 80. e8=Q Ka7 81. Qa8# 1-0


[Site "https://www.chess.com"]

[Event "Titled Tuesday Blitz April 25 Late 2023"]
[White "Lazavik, Denis"]
[Black "Fressinet, Laurent"]
[WhiteFideId "13515110"]
[BlackFideId "608742"]
[WhiteElo "2560"]
[BlackElo "2633"]
[Result "1-0"]
[Round "04"]
[TimeControl "180+2"]
[Date "2023.04.25"]
[WhiteClock "0:00:03"]
[BlackClock "0:00:02"]

1. d4 Nf6 2. c4 e6 3. Nf3 d5 4. Nc3 Bb4 5. Bg5 h6 6. Bxf6 Qxf6 7. e3 O-O 8. Rc1 c6 9. Qb3 Bd6 10. Bd3 Nd7 11. O-O Qe7 12. Bb1 a6 13. Rfe1 f5 14. cxd5 cxd5 15. Ne2 Nf6 16. Nf4 Qe8 17. Ne5 Nd7 18. Nfd3 Nxe5 19. dxe5 Bb8 20. f4 Qe7 21. Kh1 Ba7 22. Nb4 Qd8 23. Nc2 Qb6 24. Qc3 Bd7 25. Nd4 Rac8 26. Qd2 Rxc1 27. Rxc1 Rc8 28. Rg1 Qc7 29. h3 Rf8 30. g4 Bxd4 31. exd4 Qd8 32. gxf5 exf5 33. Rg6 Qh4 34. Qg2 Qe1+ 35. Kh2 Rf7 36. Bc2 Qe3 37. Qf1 Bb5 38. Qg1 Qxf4+ 39. Rg3 Rc7 40. Bb3 Rc1 41. Bxd5+ Kh8 42. Qe3 Qxe3 43. Rxe3 Rc2+ 44. Kg3 g5 45. Rc3 Rd2 46. Rc8+ Kg7 47. Rc7+ Kf8 48. Bxb7 1-0


[Site "https://www.chess.com"]

[Event "Titled Tuesday Blitz April 25 Late 2023"]
[White "Quesada Perez, Yasser"]
[Black "Kollars, Dmitrij"]
[WhiteFideId "3509362"]
[BlackFideId "12909572"]
[WhiteElo "2496"]
[BlackElo "2584"]
[Result "1-0"]
[Round "04"]
[TimeControl "180+2"]
[Date "2023.04.25"]
[WhiteClock "0:00:08"]
[BlackClock "0:00:03"]

1. e4 e5 2. Nf3 Nc6 3. Nc3 Nf6 4. Bb5 Bb4 5. O-O O-O 6. Bxc6 dxc6 7. d3 Nd7 8. h3 Re8 9. Ne2 Bf8 10. Nh2 Nc5 11. f4 exf4 12. Nxf4 f5 13. e5 Ne6 14. Nf3 c5 15. Kh1 b6 16. b3 Nxf4 17. Bxf4 h6 18. Qe1 Be6 19. h4 Qd7 20. Qg3 Qf7 21. Bxh6 Qh5 22. Bf4 Rad8 23. Rae1 a5 24. a4 Qg4 25. Qxg4 fxg4 26. Ng5 Bd5 27. Kh2 Be7 28. Kg3 Bc6 29. Re2 Rd4 30. Bc1 b5 31. axb5 Bxb5 32. Ne4 a4 33. bxa4 Bxa4 34. Be3 Rd5 35. Nc3 Rxe5 36. Nxa4 Bd6 37. Kf2 g3+ 38. Kf3 Rf5+ 39. Kg4 Rxf1 40. Nc3 Bf4 41. Bxf4 Rxe2 42. Nxe2 Rf2 43. Nxg3 Rxg2 44. c4 Kf7 45. Kf3 Rh2 46. h5 Ke6 47. Kg4 Kd7 48. Ne4 Kc6 49. Bxh2 1-0


[Site "https://www.chess.com"]

[Event "Titled Tuesday Blitz April 25 Late 2023"]
[White "Janik, Igor"]
[Black "Paravyan, David"]
[WhiteFideId "1159259"]
[BlackFideId "4194985"]
[WhiteElo "2484"]
[BlackElo "2563"]
[Result "1-0"]
[Round "04"]
[TimeControl "180+2"]
[Date "2023.04.25"]
[WhiteClock "0:00:18"]
[BlackClock "0:00:03"]

1. e4 e5 2. Nf3 Nf6 3. Nxe5 d6 4. Nd3 Nxe4 5. Qe2 Qe7 6. Nf4 Nc6 7. c3 Nf6 8. d4 g5 9. Nd3 Rg8 10. h4 h6 11. hxg5 hxg5 12. Nd2 Bf5 13. Nf3 Ne4 14. Nd2 O-O-O 15. Nxe4 Bxe4 16. f3 Bd5 17. Qxe7 Bxe7 18. Be3 f5 19. Kd2 f4 20. Bf2 Rdf8 21. Be2 g4 22. Rh5 Bg5 23. Bh4 gxf3 24. gxf3 Bxh4 25. Rxh4 Rg3 26. Rf1 Bxa2 27. Nxf4 Bf7 28. Rg4 Rg8 29. Rxg3 Rxg3 30. Ke3 Rg8 31. Bd3 Ne7 32. Rh1 Re8 33. Kf2 Nd5 34. Bf5+ Kd8 35. Ng2 Ke7 36. Be4 Nf6 37. Ne3 Nxe4+ 38. fxe4 Be6 39. Rh7+ Kd8 40. Ke2 a5 41. Kd3 b6 42. d5 Bd7 43. Kd4 Rg8 44. Nc4 Rg1 45. Rh8+ Ke7 46. Ne3 Rb1 47. Rh2 Kd8 48. e5 dxe5+ 49. Kxe5 Kc8 50. Kd4 Kb7 51. c4 a4 52. Kc3 Rc1+ 53. Kd2 Ra1 54. Nc2 Rg1 55. Re2 Rg3 56. Re3 Rg2+ 57. Kc3 b5 58. c5 c6 59. d6 Rg5 60. Kb4 Rg4+ 61. Ka5 Rc4 62. Re7 Kc8 63. Nb4 Rxc5 64. Kb6 Rc4 65. Na6 Kd8 66. Nc5 Bc8 67. Rh7 Re4 68. d7 Bxd7 69. Rxd7+ Ke8 70. Rd2 Rc4 71. Kxc6 Rb4 72. Na6 Rb3 73. Nc5 Rb4 74. Kd5 Ke7 75. Re2+ Kf6 76. Nd3 Rb3 77. Nc5 Rh3 78. Ne4+ Ke7 79. Nd6+ Kd7 80. Nxb5 Rh4 81. Kc5 Rg4 82. Nd4 Rg3 83. Kc4 a3 84. b3 Kc7 85. Ra2 Kb6 86. Rxa3 Rg1 87. Ra2 Rc1+ 88. Rc2 Rh1 89. Re2 Rc1+ 90. Kd3 Rh1 91. Kc3 Kc5 92. Nc2 Rh3+ 93. Re3 Rh5 94. Rf3 Rg5 95. Nb4 Rg1 96. Nd3+ Kb6 97. Kb4 Rg4+ 98. Rf4 Rg6 99. Nb2 Rh6 100. Nc4+ Ka6 101. Re4 Rg6 102. Ka4 Rh6 103. b4 Rh7 104. b5+ Kb7 105. Kb4 Rg7 106. Rf4 Rh7 107. Rf7+ Rxf7 108. Nd6+ 1-0


[Site "https://www.chess.com"]